 Dungeon Crawl Stone Soup version 0.18.1-5-g4a78601 (webtiles) character file.

1038 epen the Cudgeler (level 8, -1/48 HPs)
             Began as a Gargoyle Gladiator on May 13, 2016.
             Slain by an orc warrior
             ... wielding a +2 halberd of venom
              (13 damage)
             ... on level 6 of the Dungeon.
             The game lasted 00:06:11 (3982 turns).

epen the Cudgeler (Gargoyle Gladiator)              Turns: 3982, Time: 00:06:12

Health: -1/48      AC: 19    Str: 20    XL:     8   Next: 24%
Magic:  8/8        EV:  9    Int: 10    God:
Gold:   200        SH:  0    Dex: 10    Spells: 0 memorised, 7 levels left

rFire  . . .     SeeInvis .     u - +0 morningstar
rCold  . . .     Gourm    .     o - +0 chain mail
rNeg   + . .     Faith    .     (no shield)
rPois  ∞         Spirit   .     c - +0 helmet
rElec  +         Dismiss  .     k - +1 cloak
rCorr  .         Reflect  .     (no gloves)
SustAt .         Harm     .     n - +0 pair of boots
MR     .....                    (no amulet)
Stlth  ..........               (no ring)
                                r - ring of stealth

@: about to teleport, not resistant to hostile enchantments, extremely
unstealthy
A: negative energy resistance 1, electricity resistance, unbreathing,
petrification resistance, rot immunity, AC +5
a: no special abilities


You were on level 6 of the Dungeon.
You were hungry.

You visited 1 branch of the dungeon, and saw 6 of its levels.

You collected 200 gold pieces.

Inventory:

Hand Weapons
 a - a +0 flail
 u - a +0 morningstar (weapon)
Missiles
 d - 3 throwing nets (quivered)
Armour
 b - a +0 leather armour
 c - a +0 helmet (worn)
 k - a +1 cloak (worn)
 n - a +0 pair of boots (worn)
 o - a +0 chain mail (worn)
Jewellery
 r - a ring of stealth (left hand)
Wands
 j - a wand of lightning (7/15)
Scrolls
 e - a scroll of magic mapping
 h - 4 scrolls of teleportation
 i - 2 scrolls of identify
 p - a scroll of fear
 v - a scroll of remove curse
Potions
 g - a potion of berserk rage
 l - 5 potions of curing
 q - a potion of flight {unknown}
 s - 2 potions of brilliance
 t - a potion of lignification
 w - a potion of resistance
 z - 2 potions of heal wounds
Comestibles
 f - 3 bread rations
 m - 2 meat rations
 x - a beef jerky


   Skills:
 + Level 4.5 Fighting
 * Level 6.2 Maces & Flails
 - Level 1.7 Throwing
 + Level 3.7 Armour
 * Level 5.1 Dodging


You had 7 spell levels left.
You didn't know any spells.

Dungeon Overview and Level Annotations

Branches:
Dungeon (6/15)
 Temple: D:4-7

Altars:
Ashenzari
Qazlal
Sif Muna
Trog
The Shining One

Annotations:
D:4 1 exclusion


Innate Abilities, Weirdness & Mutations

You are resistant to torment.
Your stone body is resilient (AC +5).
You are immune to poison.
You resist negative energy.
You are resistant to electric shocks.
You can survive without breathing.
You are immune to petrification.
You are immune to rotting.


Message History

The orc warrior hits you but does no damage.
You closely miss the orc warrior.
The phantom hits you but does no damage.
The orc warrior hits you but does no damage.
You barely miss the orc warrior. The phantom closely misses you.
The orc warrior hits you with a halberd of venom!
Read which item? (? for menu, Esc to quit)
As you read the scroll of teleportation, it crumbles to dust.
You feel strangely unstable. The phantom barely misses you.
The orc warrior hits you with a halberd of venom.
* * * LOW HITPOINT WARNING * * *
You sock the orc warrior!
The orc warrior is moderately wounded.
The phantom hits you but does no damage.
The orc warrior barely misses you. The phantom closely misses you.
You sock the orc warrior!
The orc warrior is almost dead.
The phantom hits you but does no damage.
The orc warrior hits you with a halberd of venom!
You die...

####### #.....# ########
#.....## #...... #......#
#.#... #......# ##.#.#
#......####....####
###W##.............
#@#######....####. #o#
##.#...... #o# #........ #o#
#.####### #####o# ##'##
#.o.).# ##...## .### #o#####
##.....## .... #.##.##
##.......##
.###..##o#...####.........###


You could see a phantom, an orc warrior and 3 orcs.

Vanquished Creatures
  Menkaure (D:4)
  Duvessa (D:6)
  An ogre (D:6)
  A centaur (D:5)
  Dowan (D:6)
  A scorpion (D:4)
  A howler monkey (D:4)
  A crimson imp (D:4)
  A jelly (D:5)
  Jessica (D:2)
  An iguana (D:5)
  3 worker ants
  A hound zombie (D:5)
  A hound skeleton (D:3)
  8 gnolls
  10 adders
  2 oozes
  An adder skeleton (D:3)
  5 worms
  A dart slug (D:2)
  3 giant geckos
  12 orcs
  6 bats
  5 giant cockroaches
  6 goblins
  9 hobgoblins
  4 jackals (D:4)
  12 kobolds
  A quokka (D:2)
  3 giant newts
  A jackal skeleton (D:4)
  7 rats
112 creatures vanquished.

Notes
Turn   | Place    | Note
--------------------------------------------------------------
     0 | D:1      | epen the Gargoyle Gladiator began the quest for the Orb.
     0 | D:1      | Reached XP level 1. HP: 12/12 MP: 1/1
   179 | D:1      | Reached XP level 2. HP: 14/17 MP: 2/2
   715 | D:2      | Reached XP level 3. HP: 21/22 MP: 3/3
   765 | D:2      | Reached skill level 1 in Armour
   968 | D:2      | Reached XP level 4. HP: 16/27 MP: 4/4
  1024 | D:2      | Noticed Jessica
  1049 | D:2      | Killed Jessica
  1049 | D:2      | Reached skill level 4 in Maces & Flails
  1260 | D:2      | Reached XP level 5. HP: 26/32 MP: 5/5
  1492 | D:3      | Found a bloodstained altar of Trog.
  1829 | D:3      | Found a glowing golden altar of the Shining One.
  2056 | D:4      | Reached XP level 6. HP: 24/37 MP: 6/6
  2086 | D:4      | Noticed Menkaure
  2719 | D:4      | Reached skill level 5 in Maces & Flails
  2878 | D:4      | Killed Menkaure
  2878 | D:4      | Reached XP level 7. HP: 26/42 MP: 7/7
  2925 | D:4      | Found a deep blue altar of Sif Muna.
  3061 | D:5      | Entered Level 5 of the Dungeon
  3689 | D:6      | Found a shattered altar of Ashenzari.
  3689 | D:6      | Found a stormy altar of Qazlal.
  3708 | D:6      | Noticed Duvessa
  3709 | D:6      | Noticed Dowan
  3730 | D:6      | Killed Duvessa
  3730 | D:6      | Reached skill level 6 in Maces & Flails
  3730 | D:6      | Reached skill level 5 in Dodging
  3730 | D:6      | Reached XP level 8. HP: 25/48 MP: 8/8
  3741 | D:6      | Killed Dowan
  3982 | D:6      | Slain by an orc warrior

Skill      XL: |  1  2  3  4  5  6  7 |
---------------+----------------------+-----
Armour         | 1 2 3 |  3.7
Dodging        | 3 4 5 |  5.1
Maces & Flails | 4 5 6 |  6.2
Fighting       | 3 4 |  4.5
Throwing       | |  1.7

Action                   |  1- 3 |  4- 6 |  7- 9 || total
-------------------------+-------+-------+-------++-------
Melee: Flail             |   109 |   182 |       ||   291
       Morningstar       |       |    50 |   125 ||   175
  Use: Scroll            |       |       |    14 ||    14
  Eat: Chunk             |       |     7 |     3 ||    10
Armor: Leather armour    |    30 |       |       ||    30
       Chain mail        |    22 |   213 |    94 ||   329
Dodge: Dodged            |    76 |   120 |    82 ||   278
